 Dungeon Crawl Stone Soup version 0.31.0-4-g52a2dc7128 (webtiles) character file.

Game seed: 13939550683022808602

272918 occam the Fencer (level 20, -4/153 (164) HPs)
             Began as a Merfolk Gladiator on Jan 22, 2024.
             Was the Champion of Qazlal.
             Killed from afar by the ghostly Margery (25 damage)
             ... with a fireball
             ... on level 3 of the Vaults.
             The game lasted 01:40:43 (38370 turns).

occam the Fencer (Merfolk Gladiator)               Turns: 38370, Time: 01:40:44

HP:   -4/153 (164)  AC: 35    Str: 14    XL:     20   Next: 27%
MP:   32/32         EV: 19    Int:  8    God:    Qazlal [******]
Gold: 1655          SH:  8    Dex: 26    Spells: 19/19 levels left

rFire   + . .        r - +0 triple sword (venom)
rCold   + . .        (shield currently unavailable)
rNeg    . . .        z - +7 chain mail of Atheism {Dex+2}
rPois   +            E - +1 helmet {SInv}
rElec   .            Z - +2 cloak {rPois}
rCorr   .            O - +1 pair of gloves
SInv    +            Y - +3 pair of mountain boots {steadfast, rC+}
Will    +....        a - amulet of regeneration Stlth
                     S - +4 ring of slaying
HPRegen 1.25/turn    T - +4 ring of protection
MPRegen 0.23/turn

%: repel missiles
@: protected from fire, drained
A: (nimble swimmer 2), mertail
}: 2/15 runes: barnacled, gossamer
a: Renounce Religion, Upheaval, Elemental Force, Disaster Area


You were on level 3 of the Vaults.
You worshipped Qazlal.
Qazlal was exalted by your worship.
You visited 7 branches of the dungeon, and saw 34 of its levels.
You visited the Abyss 1 time.
You also visited: Ossuary, Gauntlet and Ice Cave.

You collected 3971 gold pieces.
You spent 2316 gold pieces at shops.

Inventory:

Hand Weapons
 r - a +0 triple sword of venom (weapon)
Missiles
 d - 8 throwing nets (quivered)
 n - 11 javelins
 v - 8 silver javelins
Armour
 h - a scarf of resistance
 m - a +2 buckler
 z - the +7 chain mail of Atheism (worn) {Dex+2}
   (You bought it in a shop on level 2 of the Orcish Mines)

   Dex+2:     It affects your dexterity (+2).
 E - a +1 helmet of see invisible (worn)
 O - a +1 pair of gloves (worn)
 Y - the +3 pair of mountain boots (worn) {steadfast, rC+}
   (You bought it in a shop on level 2 of the Orcish Mines)

   Steadfast: It prevents involuntary movement, except for blinking,
   teleportation, or banishment.
   rC+:       It protects you from cold.
 Z - a +2 cloak of poison resistance (worn)
Jewellery
 a - an amulet of regeneration (around neck)
 S - a +4 ring of slaying (left hand)
 T - a +4 ring of protection (right hand)
Wands
 b - a wand of flame (60)
 x - a wand of mindburst (10)
 A - a wand of charming (38)
 D - a wand of polymorph (14)
 F - a wand of quicksilver (21)
 J - a wand of roots (51)
 V - a wand of digging (17)
Scrolls
 c - a scroll of fear
 e - 28 scrolls of identify
 f - a scroll of silence
 g - 3 scrolls of fog
 l - 3 scrolls of vulnerability
 o - 7 scrolls of teleportation
 q - 2 scrolls of immolation
 u - 3 scrolls of blinking
 y - 2 scrolls of amnesia
 L - 3 scrolls of enchant weapon
Potions
 i - 6 potions of heal wounds
 k - 5 potions of curing
 s - 4 potions of resistance
 B - 9 potions of attraction
 C - a potion of lignification
 G - 6 potions of ambrosia
 H - 2 potions of brilliance
 I - 2 potions of enlightenment
 M - 2 potions of mutation
 P - 2 potions of haste
 Q - 3 potions of berserk rage
 R - 4 potions of magic
 U - 2 potions of might
 W - 5 potions of cancellation
Miscellaneous
 j - a phantom mirror
 w - a sack of spiders
 N - a lightning rod (4/4)


   Skills:
 - Level 16.0 Fighting
 + Level 20.0 Long Blades
 - Level 12.0 Polearms
 - Level 2.0 Throwing
 - Level 10.0 Armour
 - Level 18.0 Dodging
 - Level 1.0 Stealth
 - Level 15.0 Shields
 - Level 16.2 Invocations


You had 19 spell levels left.
You didn't know any spells.
Your spell library contained the following spells:

 Spells                   Type           Power      Damage    Failure   Level
 Apportation              Tloc           0%         N/A       99%         1
 Kiss of Death            Conj/Necr      0%         2d5       99%         1
 Necrotise                Necr           0%         1d4       99%         1
 Sandblast                Erth           0%         2d4       99%         1
 Shock                    Conj/Air       0%         1d3       99%         1
 Sting                    Conj/Alch      0%         1d3       99%         1
 Summon Small Mammal      Summ           0%         N/A       99%         1
 Blink                    Tloc           0%         N/A       100%        2
 Cigotuvi's Dreadful Rot  Necr/Alch/Air  0%         N/A       100%        2
 Ensorcelled Hibernation  Hex/Ice        0%         N/A       100%        2
 Lesser Beckoning         Tloc           0%         N/A       100%        2
 Mercury Vapours          Alch/Air       0%         N/A       100%        2
 Momentum Strike          Conj/Tloc      0%         3d8       100%        2
 Sublimation of Blood     Necr           0%         N/A       100%        2
 Dazzling Flash           Conj/Hex       0%         N/A       100%        3
 Fugue of the Fallen      Necr           0%         N/A       100%        3
 Gell's Gravitas          Tloc           0%         N/A       100%        3
 Hailstorm                Conj/Ice       0%         3d5       100%        3
 Inner Flame              Hex/Fire       0%         N/A       100%        3
 Mephitic Cloud           Conj/Alch/Air  0%         N/A       100%        3
 Passwall                 Erth           0%         N/A       100%        3
 Stone Arrow              Conj/Erth      0%         3d7       100%        3
 Summon Ice Beast         Ice/Summ       0%         N/A       100%        3
 Swiftness                Air            0%         N/A       100%        3
 Teleport Other           Tloc           0%         N/A       100%        3
 Tukima's Dance           Hex            0%         N/A       100%        3
 Volatile Blastmotes      Fire/Tloc      0%         2d10      100%        3
 Airstrike                Air            0%         2d(0-16)  100%        4
 Anguish                  Hex/Necr       0%         N/A       100%        4
 Animate Dead             Necr           0%         N/A       100%        4
 Brom's Barrelling Bould  Conj/Erth      0%         2d3       100%        4
 Dimensional Bullseye     Hex/Tloc       0%         N/A       100%        4
 Flame Wave               Conj/Fire      0%         2d4       100%        4
 Fulminant Prism          Conj/Alch      0%         3d5       100%        4
 Ignite Poison            Fire/Alch      0%         N/A       100%        4
 Iskenderun's Mystic Bla  Conj/Tloc      0%         2d3       100%        4
 Passage of Golubria      Tloc           0%         N/A       100%        4
 Petrify                  Alch/Erth      0%         N/A       100%        4
 Sticky Flame             Fire/Alch      0%         2d4       100%        4
 Vhi's Electric Charge    Tloc/Air       0%         N/A       100%        4
 Alistair's Intoxication  Alch           0%         N/A       100%        5
 Arcjolt                  Conj/Air       0%         1d10      100%        5
 Borgnjor's Vile Clutch   Necr/Erth      0%         N/A       100%        5
 Curse of Agony           Necr           0%         N/A       100%        5
 Freezing Cloud           Conj/Ice/Air   0%         6-21      100%        5
 Irradiate                Conj/Alch      0%         3d11      100%        5
 Silence                  Hex/Air        0%         N/A       100%        5
 Summon Forest            Summ/Tloc      0%         N/A       100%        5
 Summon Mana Viper        Hex/Summ       0%         N/A       100%        5
 Yara's Violent Unravell  Hex/Alch       0%         3d3       100%        5
 Bombard                  Conj/Erth      0%         9d1       100%        6
 Conjure Ball Lightning   Conj/Air       0%         3x3d6     100%        6
 Eringya's Noxious Bog    Alch           0%         4d6       100%        6
 Sculpt Simulacrum        Ice/Alch       0%         N/A       100%        6
 Haunt                    Necr/Summ      0%         N/A       100%        7
 Monstrous Menagerie      Summ           0%         N/A       100%        7
 Ozocubu's Refrigeration  Ice            0%         4d7       100%        7
 Summon Hydra             Summ           0%         N/A       100%        7
 Borgnjor's Revivificati  Necr           0%         N/A       100%        8
 Ignition                 Fire           0%         3d3       100%        8
 Maxwell's Capacitive Co  Air            0%         ∞         100%        8
 Death's Door             Necr           0%         N/A       100%        9
 Polar Vortex             Ice            0%         N/A       100%        9


Dungeon Overview and Level Annotations

Branches:
Dungeon (15/15)            Temple (1/1) D:5            Lair (5/5) D:11
 Shoals (4/4) Lair:2       Spider (4/4) Lair:2        Slime (0/5) Lair:5
    Orc (2/2) D:9             Elf (0/3) Orc:2        Vaults (3/5) D:13
  Crypt (0/3) Vaults:3     Depths (0/4) D:15        Ossuary (visited)
  IceCv (visited)         Gauntlet (visited)

Altars:
Ashenzari
Cheibriados
Dithmenos
Elyvilon
Fedhas
Gozag
Hepliaklqana
Kikubaaqudgha
Makhleb
Nemelex Xobeh
Okawaru
Qazlal
Ru
Sif Muna
Trog
Uskayaw
Vehumet
Wu Jian
Xom
Yredelemnul
Zin
The Shining One
Jiyva

Shops:
D:9 *   D:11 :   Orc:2 [=!*   Vaults:2 !*

Portals:
Trove: Vaults:1 (show abyssal rune of Zot)

Annotations:
Vaults:2 3 runed translucent doors, exclusion: obsidian statue, foobar1000's ghost, veteran SpHu


Innate Abilities, Weirdness & Mutations

((You are very nimble when in or above water. (Stealth+, EV+, Speed+++)))
Your lower body shifts to a powerful aquatic tail in water.


Message History

Margery casts a spell at you.
The fireball explodes!
The fireball engulfs you!! You resist.
The fireball engulfs Margery!
Margery resists.
You are too injured to fight recklessly!
You are too injured to fight recklessly!
Okay, then.
Okay, then.
You hear a shout!
Margery attacks as she pursues you! Margery barely misses you.
There is an open door here.
You slice Margery!!
Margery looks more healthy.
Something assumes the form of Margery and becomes anchored to this world!
The deep elf death mage points at you and mumbles some strange words.
The bolt of negative energy hits the ghostly Margery.
The ghostly Margery completely resists.
The bolt of negative energy misses you. The ghostly Margery closely misses you.
The ghostly Margery attacks as she pursues you!
The ghostly Margery barely misses you.
You hear a trumpeting! x2
The ghostly Margery is engulfed in blazing flames.
The hell knight mumbles some strange prayers to its god.
The hell knight blinks!
The ghostly Margery is engulfed in a thunderstorm.
The ghostly Margery casts a spell at you.
You hear a sizzling sound!
The deep elf death mage gestures at you while chanting.
The bolt of negative energy hits you!!!
You feel drained.
* * * LOW HITPOINT WARNING * * *
You hear a trumpeting!
The ghostly Margery is engulfed in a thunderstorm.
There is an open door here.
You hear a trumpeting!
The ghostly Margery gestures at you while chanting.
The fireball explodes!
The fireball engulfs you!! You resist.
You feel more protected from fire.
* * * LOW HITPOINT WARNING * * *
You hear a sizzling sound! x2; You hear a shout!
The ghostly Margery casts a spell at you.
The fireball explodes!
The fireball engulfs you!! You resist.
You die...

##...###.#.......................
.......#.#.........##########....
...>...#.'.........#....... #....
.......#.#.........#....... #....
##...###.#.........#....... #....
#####...#.........'....>.. #....
......#..°○...○.#....... #....
##########..○☼.....#....... #....
........Y.e@.○..@..##########....
.....#'######..○.................
.....#......#.§.○☼##########.....
.....#@.....#.....#........#.....
.....#......#.....#........#.....
.....#......#.....#........).....
.....#...eY.#.....#........#.....
.....#..>..p#.....#........#.....
. #####'###....#........#.....


You could see ghostly Margery and a deep elf death mage.

Vanquished Creatures
  Nikola (Spider:3)
  Arachne (Spider:3)
  An Ice Fiend (IceCv)
  Rupert (D:14)
  Jorgrun (Orc:1)
  2 krakens
  Kirke (Lair:5)
  Ilsuiw (Shoals:3)
  A fire giant (Vaults:3)
  A frost giant (Shoals:4)
  9 vault wardens
  Louise (D:15)
  An emperor scorpion (Spider:3)
  2 orc warlords
  A curse skull (Vaults:3)
  4 ghost moths
  12 ironbound preservers
  A very ugly thing (IceCv)
  A broodmother (Spider:1)
  3 formless jellyfish (Vaults:3)
  3 ironbound thunderhulks
  2 spark wasps
  4 dire elephants (Vaults:3)
  A minotaur (Gauntlet)
  A deep elf death mage (Vaults:3)
  Snorg (D:11)
  5 merfolk javelineers (Shoals:4)
  An entropy weaver (Spider:1)
  A fire dragon (Lair:5)
  Josephine (D:13)
  10 merfolk impalers
  5 vault guards
  8 yaktaur captains
  Erolcha (D:13)
  3 great orbs of eyes
  A rakshasa (D:15)
  2 caustic shrike simulacra (IceCv)
  4 jorogumos
  4 hydras
  5 boulder beetles
  6 centaur warriors
  3 ogre magi
  A merfolk aquamancer (Shoals:1)
  2 merfolk avatars
  3 radroaches
  2 catoblepae
  A death knight (Vaults:3)
  An alligator snapping turtle (Shoals:4)
  A tengu warrior (D:13)
  14 two-headed ogres
  A death scarab (Spider:1)
  A satyr (Shoals:4)
  A hell hog (Lair:5)
  Nergalle (Orc:1)
  A hell knight (Vaults:3)
  2 orc high priests (Vaults:3)
  5 demonic crawlers
  2 skysharks
  5 pharaoh ants
  13 sea snakes
  An obsidian statue (IceCv)
  A phantasmal warrior (Vaults:3)
  11 orb spiders
  An orange crystal statue (Gauntlet)
  8 arcanists
  14 lindwurms
  A swamp dragon (Lair:5)
  29 deep trolls
  12 harpies
  8 spriggan simulacra (IceCv)
  7 ironbound convokers
  8 orc knights
  3 oklob plants (D:11)
  7 steelbarb worms
  2 necromancers (D:13)
  2 deep elf pyromancers
  20 wolf spiders
  A faun (shapeshifter) (D:15)
  11 ugly things
  3 moths of wrath
  12 manticores
  7 cyclopes
  4 elephants (Lair:4)
  5 fauns (Shoals:1)
  11 merfolk sirens
  3 kobold blastminers
  6 meliai
  9 water nymphs
  4 black mambas
  3 vault sentinels
  12 torpor snails
  A gargoyle (D:12)
  11 cane toads
  An ice statue (D:15)
  4 kobold demonologists
  4 rime drakes
  4 freezing wraiths
  23 yaktaurs
  An efreet (D:15)
  8 komodo dragons
  9 ice devils (IceCv)
  13 merfolk
  An anaconda simulacrum (IceCv)
  11 trolls
  11 polar bears
  14 blink frogs
  26 tarantellas
  2 wind drakes (Shoals:1)
  An alligator simulacrum (IceCv)
  4 raiju (Lair:5)
  2 hornets
  10 snapping turtles
  A dream sheep (Lair:5)
  Sigmund (D:6)
  19 jumping spiders
  28 slime creatures
  14 culicivoras
  A shadow (D:12)
  11 water elementals
  24 yaks
  8 wraiths
  2 dire elephant simulacra (IceCv)
  A basilisk (Lair:4)
  A hog (Lair:5)
  18 humans (D:13)
  2 wyverns
  9 vampire mosquitoes
  A steam dragon (D:6)
  55 redbacks
  7 wargs
  8 minotaur simulacra (IceCv)
  2 harpy simulacra (IceCv)
  11 hell hounds (Lair:5)
  3 acid dragons
  3 hydra simulacra (IceCv)
  12 water moccasins
  11 black bears (Lair:5)
  17 orc warriors
  2 swamp drakes (Lair:5)
  2 ettin simulacra (IceCv)
  10 laughing skulls
  7 boggarts
  27 ogres
  25 wolves
  18 centaurs
  A phantom (D:6)
  A weeping skull (Gauntlet)
  2 gnoll sergeants
  9 deep troll simulacra (IceCv)
  16 bullfrogs
  4 kobold brigands
  2 scorpions
  A water moccasin zombie (D:3)
  2 burial acolytes (Ossuary)
  23 wights
  The ghost of ssalbiz the Chopper, a weakling MiBe of Trog (D:3)
  5 killer bees (D:9)
  7 howler monkeys
  2 electric eels (Lair:1)
  A centaur zombie (D:3)
  4 hounds
  2 bombardier beetles
  3 jellies
  15 orc priests
  14 orc wizards
  5 iguanas
  Robin (D:2)
  6 gnolls
  3 adders
  2 shadow imps
  2 white imps
  2 ufetubi (D:5)
  An adder skeleton (Ossuary)
  3 dart slugs
  2 ribbon worms (D:2)
  41 orcs
  7 bats
  9 endoplasms
  9 giant cockroaches
  15 goblins
  11 hobgoblins
  4 quokkas
  7 ball pythons
  3 frilled lizards
  3 hobgoblin skeletons (Ossuary)
  21 kobolds
  3 kobold skeletons (Ossuary)
  2 orc skeletons (Ossuary)
  5 rats
  10 spectral weapons
  6 tentacles
1221 creatures vanquished.

Vanquished Creatures (others)
  A fire giant (Vaults:3)
  An ironbound frostheart (Vaults:1)
  An orb spider (Spider:4)
  2 moths of wrath (Spider:4)
  An efreet (Spider:1)
  A yaktaur (Vaults:1)
  5 humans (Lair:5)
  A steam dragon (Lair:5)
  A wolf (Lair:5)
  An orc wizard (D:7)
  93 spectral weapons
  10 tentacles
118 creatures vanquished.

Grand Total: 1339 creatures vanquished

Notes
Turn   | Place    | Note
-------+----------+-------------------------------------------
     0 | D:1      | occam the Merfolk Gladiator began the quest for the Orb.
     0 | D:1      | Reached XP level 1. HP: 16/16 MP: 1/1
    82 | D:1      | Reached skill level 4 in Long Blades
    95 | D:1      | Reached XP level 2. HP: 3/23 MP: 2/2
    96 | D:1      | Found a faded altar of an unknown god.
   356 | D:1      | Reached XP level 3. HP: 26/28 MP: 3/3
   833 | D:2      | Reached skill level 5 in Long Blades
   918 | D:2      | Identified the +6 spear of Earthquakes {spect, rC++ Int+7}
   964 | D:2      | Noticed Robin
   996 | D:2      | Reached XP level 4. HP: 30/35 MP: 4/4
  1125 | D:2      | Killed Robin
  1571 | D:3      | Found a transporter.
  1571 | D:3      | Noticed ssalbiz's ghost (weakling MiBe)
  1657 | D:3      | Found a transporter.
  1755 | D:3      | Reached XP level 5. HP: 40/41 MP: 5/5
  1906 | D:3      | Reached skill level 1 in Armour
  2306 | D:4      | Reached skill level 5 in Dodging
  2309 | D:4      | Found a sand-covered staircase.
  2315 | Ossuary  | Entered an ossuary
  2368 | Ossuary  | Reached XP level 6. HP: 49/49 MP: 6/6
  2431 | Ossuary  | Noticed a laughing skull
  2438 | Ossuary  | Noticed a laughing skull
  2442 | Ossuary  | Noticed a laughing skull
  2518 | Ossuary  | Noticed a laughing skull
  2529 | Ossuary  | Reached skill level 5 in Fighting
  2529 | Ossuary  | Reached XP level 7. HP: 53/56 MP: 7/7
  2836 | D:4      | Noticed a +0 short sword
  2837 | D:4      | Noticed a +0 falchion
  2837 | D:4      | Noticed a +0 spear
  2837 | D:4      | Noticed a +0 dagger
  2837 | D:4      | Noticed a +0 dagger
  2837 | D:4      | Noticed a +0 spear
  2837 | D:4      | Noticed a +0 falchion
  2837 | D:4      | Noticed a +0 short sword
  2889 | D:4      | Found a hide-covered altar of Uskayaw.
  3008 | D:4      | Found a glowing golden altar of the Shining One.
  3514 | D:5      | Entered Level 5 of the Dungeon
  3582 | D:5      | Found a staircase to the Ecumenical Temple.
  3639 | Temple   | Entered the Ecumenical Temple
  3645 | Temple   | Became a worshipper of Qazlal Stormbringer
  3812 | D:5      | Reached XP level 8. HP: 46/64 MP: 8/8
  4426 | D:3      | Killed ssalbiz's ghost
  4690 | D:6      | Noticed Sigmund
  4706 | D:6      | Killed Sigmund
  4950 | D:6      | Reached XP level 9. HP: 45/70 MP: 9/9
  5613 | D:7      | Reached * piety under Qazlal
  5808 | D:7      | Reached skill level 5 in Armour
  5941 | D:7      | Found a shadowy altar of Dithmenos.
  5964 | D:7      | Found a shimmering blue altar of Sif Muna.
  6171 | D:8      | Reached skill level 10 in Dodging
  6172 | D:8      | Reached skill level 1 in Shields
  6530 | D:8      | Reached ** piety under Qazlal
  6656 | D:8      | Noticed Jeremiah
  6659 | D:8      | Jeremiah changed into Jeremiah the sea snake
  6659 | D:8      | Noticed Jeremiah
  6678 | D:8      | Killed Jeremiah the sea snake
  6679 | D:8      | Reached XP level 10. HP: 31/83 MP: 10/10
  7052 | D:9      | Noticed a kobold demonologist
  7061 | D:9      | Killed a kobold demonologist
  7454 | D:9      | Found a staircase to the Orcish Mines.
  7706 | D:9      | Found a broken altar of Ashenzari.
  7707 | D:9      | Found a burning altar of Makhleb.
  7776 | D:9      | Found Hura's Changing Room.
  7785 | D:9      | Identified the +6 spear of Tanudel {flame, Will++ Dex-3}
  8132 | D:10     | Entered Level 10 of the Dungeon
  8174 | D:10     | Identified the +1 scale mail of Faavumok {rC++ Str-2 Dex+3}
  8300 | D:10     | Noticed a two-headed ogre
  8307 | D:10     | Killed a two-headed ogre
  8308 | D:10     | Reached skill level 10 in Fighting
  8308 | D:10     | Reached skill level 5 in Shields
  8399 | D:10     | Reached XP level 11. HP: 84/90 MP: 11/11
  8646 | D:10     | Identified the orb "Qoihuico" {*channel, SInv}
  8685 | D:10     | Noticed a two-headed ogre
  8693 | D:10     | Killed a two-headed ogre
  8881 | D:10     | Identified the +0 chain mail "Picliy" {rC+}
  8886 | D:10     | Found a basalt altar of Yredelemnul.
  9135 | D:11     | Noticed a boulder beetle
  9164 | D:11     | Noticed a manticore
  9169 | D:11     | Noticed Snorg
  9175 | D:11     | Noticed a five-headed hydra
  9399 | D:10     | Killed a boulder beetle
  9661 | D:11     | Killed a manticore
  9668 | D:11     | Noticed a cyclops
  9734 | D:11     | Noticed a manticore
  9735 | D:11     | Noticed a two-headed ogre
  9747 | D:11     | Killed a cyclops
  9754 | D:11     | Killed Snorg
  9754 | D:11     | Reached *** piety under Qazlal
  9771 | D:11     | Killed a manticore
  9774 | D:11     | HP: 1/90 [orc warrior/+0 glaive (10)]
 10064 | D:11     | Killed a two-headed ogre
 10071 | D:11     | Killed a five-headed hydra
 10241 | D:11     | Found a staircase to the Lair.
 10244 | D:11     | Noticed an oklob plant
 10248 | D:11     | Noticed an oklob plant
 10288 | D:11     | Noticed an oklob plant
 10342 | D:11     | Found Ycvythot's Book Emporium.
 10457 | D:11     | Noticed a centaur warrior
 10464 | D:11     | Killed a centaur warrior
 10690 | D:11     | Killed an oklob plant
 10973 | D:11     | Killed an oklob plant
 10974 | D:11     | Reached XP level 12. HP: 97/97 MP: 12/12
 11477 | D:12     | Reached skill level 1 in Polearms
 11531 | D:12     | Reached skill level 1 in Stealth
 11685 | D:12     | Noticed a two-headed ogre
 11692 | D:12     | Killed a two-headed ogre
 11693 | D:12     | Reached skill level 15 in Dodging
 11955 | D:12     | Noticed a boulder beetle
 11983 | D:12     | Noticed a two-headed ogre
 11984 | D:12     | Noticed a two-headed ogre
 11985 | D:12     | Noticed an ogre mage
 11990 | D:12     | Killed a two-headed ogre
 11991 | D:12     | Reached skill level 5 in Polearms
 12320 | D:11     | Killed a two-headed ogre
 12406 | D:11     | Killed a boulder beetle
 12489 | D:12     | Noticed an occultist
 12535 | Lair:1   | Entered Level 1 of the Lair of Beasts
 12607 | Lair:1   | Noticed a catoblepas
 12618 | Lair:1   | Killed a catoblepas
 12985 | Lair:1   | Reached skill level 10 in Polearms
 13715 | Lair:2   | Found a staircase to the Shoals.
 14053 | Lair:2   | Reached **** piety under Qazlal
 14054 | Lair:2   | Found a hole to the Spider Nest.
 14058 | Lair:2   | Reached XP level 13. HP: 103/103 MP: 13/13
 15230 | Lair:4   | Reached ***** piety under Qazlal
 15936 | Lair:5   | Entered Level 5 of the Lair of Beasts
 16167 | Lair:5   | Found a snail-covered altar of Cheibriados.
 16181 | Lair:5   | Noticed Kirke
 16193 | Lair:5   | Killed Kirke
 16262 | Lair:5   | Reached XP level 14. HP: 74/113 MP: 14/14
 16497 | Lair:5   | Reached skill level 10 in Armour
 17304 | Lair:5   | Found a viscous altar of Jiyva.
 17306 | Lair:5   | Found a staircase to the Slime Pits.
 17380 | Lair:5   | Reached ****** piety under Qazlal
 18153 | Orc:1    | Entered Level 1 of the Orcish Mines
 18153 | Orc:1    | Noticed Nergalle
 18167 | Orc:1    | Killed Nergalle
 18267 | Orc:2    | Entered Level 2 of the Orcish Mines
 18358 | Orc:2    | Found a staircase to the Elven Halls.
 18478 | Orc:1    | Reached XP level 15. HP: 40/124 MP: 15/15
 18490 | Orc:1    | Reached skill level 10 in Shields
 18835 | Orc:2    | Found Sostri Su Lipt's Jewellery Emporium.
 18837 | Orc:2    | Found Mopad's Armour Shoppe.
 18841 | Orc:2    | Found Micwalet's Distillery.
 18850 | Orc:2    | Found Arao's General Store.
 19216 | Orc:1    | Noticed Jorgrun
 19540 | Orc:1    | Killed Jorgrun
 19765 | Orc:2    | Bought the +7 chain mail of Atheism {Dex+2} for 861 gold
                  | pieces
 19765 | Orc:2    | Bought the +3 pair of mountain boots {steadfast, rC+} for
                  | 569 gold pieces
 19765 | Orc:2    | Found the +3 pair of mountain boots {steadfast, rC+}
 19770 | Orc:2    | Bought a +6 ring of strength for 396 gold pieces
 19770 | Orc:2    | Bought an amulet of regeneration for 330 gold pieces
 19917 | D:12     | Identified the +1 robe of Analysis {+Blink Dex+4}
 20515 | D:13     | Noticed Erolcha
 20603 | Shoals:1 | Entered Level 1 of the Shoals
 20959 | Shoals:1 | Noticed a kraken
 20986 | Shoals:1 | Killed a kraken
 20987 | Shoals:1 | Reached skill level 15 in Fighting
 22260 | Shoals:3 | Noticed Ilsuiw
 22331 | Shoals:3 | Killed Ilsuiw
 22409 | Shoals:3 | Reached XP level 16. HP: 107/137 MP: 16/16
 22463 | Shoals:3 | Found a glacial archway.
 22513 | IceCv    | Entered an ice cave
 23111 | IceCv    | Noticed an Ice Fiend
 23132 | IceCv    | Killed an Ice Fiend
 24171 | Shoals:4 | Entered Level 4 of the Shoals
 24345 | Shoals:3 | Reached skill level 15 in Shields
 24366 | Shoals:4 | Reached skill level 1 in Invocations
 24530 | Shoals:4 | Reached skill level 6 in Long Blades
 24754 | Shoals:4 | Reached skill level 7 in Long Blades
 25157 | Shoals:4 | Noticed a kraken
 25177 | Shoals:4 | Killed a kraken
 25178 | Shoals:4 | Reached skill level 5 in Invocations
 25341 | Shoals:4 | Reached skill level 8 in Long Blades
 25573 | Shoals:4 | Got a barnacled rune of Zot
 25681 | Shoals:4 | Reached XP level 17. HP: 141/144 MP: 21/21
 25970 | Spider:1 | Entered Level 1 of the Spider Nest
 26119 | Spider:1 | Reached skill level 9 in Long Blades
 26342 | Spider:1 | Reached skill level 10 in Long Blades
 27163 | Spider:2 | Reached skill level 11 in Long Blades
 27580 | Spider:3 | Noticed Arachne
 27819 | Spider:3 | Killed Arachne
 27968 | Spider:3 | Noticed Nikola
 27982 | Spider:3 | Killed Nikola
 27998 | Spider:3 | Reached skill level 12 in Long Blades
 28015 | Spider:3 | Reached skill level 10 in Invocations
 28550 | Spider:4 | Entered Level 4 of the Spider Nest
 28859 | Spider:4 | Paralysed by a jorogumo for 3 turns
 28874 | Spider:3 | Reached XP level 18. HP: 42/145 MP: 24/26
 28998 | Spider:4 | Reached skill level 13 in Long Blades
 29707 | Spider:4 | Reached skill level 14 in Long Blades
 30020 | Spider:4 | Identified the +1 pair of boots of Plasticity {Str+6}
 30034 | Spider:4 | Got a gossamer rune of Zot
 30235 | D:13     | Noticed Josephine
 30248 | D:13     | Killed Josephine
 30296 | D:13     | Killed Erolcha
 30720 | D:13     | Found a gate to the Vaults.
 31218 | D:14     | Found a gate leading to a gauntlet.
 31232 | Gauntlet | Entered a Gauntlet
 31232 | Gauntlet | Found a transporter.
 31241 | Gauntlet | Found a transporter.
 31242 | Gauntlet | Found a transporter.
 31243 | Gauntlet | Found a transporter.
 31246 | Gauntlet | Found a transporter.
 31247 | Gauntlet | Found a transporter.
 31256 | Gauntlet | Found a transporter.
 31261 | Gauntlet | Found a transporter.
 31263 | Gauntlet | Found the amulet of the Air {Inacc Air Fly rElec RMsl}
 31274 | Gauntlet | Found a transporter.
 31282 | Gauntlet | Found a transporter.
 31282 | Gauntlet | Found a transporter.
 31293 | Gauntlet | Found a transporter.
 31673 | Gauntlet | Got Saextimm's Cyclopedia of the Charnel House
 31749 | D:14     | Reached skill level 15 in Long Blades
 31817 | D:14     | Noticed Rupert
 31848 | D:14     | Killed Rupert
 32491 | D:15     | Entered Level 15 of the Dungeon
 32628 | D:15     | Noticed Louise
 32630 | Abyss:3  | Cast into level 3 of the Abyss (Louise)
 32639 | D:15     | Escaped the Abyss
 32645 | D:15     | Killed Louise
 32882 | D:15     | Found a staircase to the Depths.
 33333 | Vaults:1 | Entered Level 1 of the Vaults
 33435 | Vaults:1 | Found a portal to a secret trove of treasure.
 33701 | Vaults:1 | Reached XP level 19. HP: 157/157 MP: 29/29
 33852 | Vaults:1 | Reached skill level 16 in Long Blades
 35155 | Vaults:2 | Identified the +5 dagger of Fear {flame, rF++ SInv Stlth-}
 35207 | Vaults:2 | Found a runed translucent gate.
 35207 | Vaults:2 | Found a runed translucent gate.
 35207 | Vaults:2 | Found a runed translucent gate.
 35207 | Vaults:2 | Found an opulent altar of Gozag.
 35207 | Vaults:2 | Found Aliwk's Assorted Antiques.
 35208 | Vaults:2 | Found Vobuh's Assorted Antiques.
 35208 | Vaults:2 | Noticed foobar1000's ghost (veteran SpHu)
 35367 | Vaults:2 | Reached skill level 15 in Invocations
 35524 | Vaults:2 | Reached skill level 17 in Long Blades
 35661 | Vaults:2 | Found Hetagula's Distillery.
 35719 | Vaults:2 | Bought a potion of haste for 160 gold pieces
 36302 | Vaults:2 | Got the Volume of Fulgurous Outbursts
 36722 | Vaults:3 | Reached skill level 18 in Long Blades
 37220 | Vaults:3 | Reached XP level 20. HP: 135/164 MP: 32/32
 37222 | Vaults:3 | Paralysed by a formless jellyfish for 1 turns
 37409 | Vaults:3 | Reached skill level 19 in Long Blades
 38222 | Vaults:3 | Found a staircase to the Crypt.
 38330 | Vaults:3 | Noticed Margery
 38336 | Vaults:3 | Reached skill level 20 in Long Blades
 38354 | Vaults:3 | Killed Margery
 38370 | Vaults:3 | Killed from afar by the ghostly Margery

Illustrated notes

Levels and vault maps discovered:
D:1:      minmay_arrival_radiant_lines, layout_rooms,
          chequers_ecumenical_altar_simple
D:2:      layout_rooms, serial_forest, infiniplex_forest_straight_2,
          infiniplex_forest_straight_5, infiniplex_forest_straight_3,
          infiniplex_forest_lined_2, uniq_robin
D:3:      layout_basic, gammafunk_ghost_mausoleum
D:4:      layout_basic, nicolae_uskayaw_en_pointe, tso_metal_star,
          nicolae_ossuary_entry_plus
D:5:      layout_basic, minmay_temple_entry_trees, serial_bayou_pond_e
D:6:      layout_rooms, dk_noncrumbling_2, uniq_sigmund
D:7:      layout_cave_pools, mainiacjoe_overflow_alcove_4,
          mainiacjoe_overflow_six_doors_small
D:8:      layout_basic, eino_small_chamber_without_monster, uniq_jeremiah
D:9:      layout_loops_ring, nicolae_overflow_two_pavilions, orc_0_dummy,
          nicolae_transmutations_shop, minivault_11, minmay_misc_feat_five
D:10:     layout_basic, mainiacjoe_overflow_surrounded_room,
          kennysheep_generic_room_7
D:11:     layout_cave_pools, dpeg_oklobed_lair, serial_shops, shop,
          grunt_tough_drop, uniq_snorg
D:12:     layout_grid_maze, kb_lookout_dungeons_type, kennysheep_generic_room_10
D:13:     layout_irregular_city, grunt_vaults_entry_tiered, serial_column_ruins,
          column_ruins_columns_straight, column_ruins_corridor_straight,
          column_ruins_grid_1, column_ruins_columns_corner,
          column_ruins_columns_corner, uniq_erolcha, uniq_josephine
D:14:     layout_loops_cross, gauntlet_entry_generic, bh_walls_and_bars,
          uniq_rupert
D:15:     gammafunk_enter_depths_forms, layout_small_grid,
          grunt_decor_arrowhead, minivault_16, uniq_louise
Temple:   nicolae_temple_no_exploring_needed
Lair:1:   layout_long_grid, dpeg_stationary_puzzle, grunt_megastairs_2
Lair:2:   layout_gridlike, elwin_shoals_entry_rooms, dummy_spider_entry,
          grunt_megastairs_1
Lair:3:   layout_big_grid
Lair:4:   layout_gridlike, chequers_serial_rivers_micro_a,
          infiniplex_staircase_pool_2
Lair:5:   guppyfry_lair_end_dragon, layout_regular_city,
          hangedman_lair_caniforms_friends, slime_entry_2,
          kennysheep_snail_temple, grunt_megastairs_4, serial_bayou_shore_a,
          uniq_kirke
Shoals:1: layout_shoals
Shoals:2: layout_shoals
Shoals:3: layout_shoals, portal_ice_cave_entry_pillars_1, uniq_ilsuiw
Shoals:4: shoals_end_grunt_ice, layout_shoals
Spider:1: layout_spider_delve, drop_trap
Spider:2: layout_spider_delve, drop_trap, nicolae_spider_paper_wasps
Spider:3: layout_spider_delve, nicolae_spider_some_kinda_spiderbox,
          uniq_arachne, uniq_nikola
Spider:4: grunt_spider_rune_island, hangedman_spider_tarantella_strand
Orc:1:    layout_diamond_mine, uniq_nergalle, uniq_jorgrun
Orc:2:    st_orc_open, layout_caves, small_statue_alley_c
Vaults:1: nicolae_vaults_crenellated_ambush, vaults_dpeg_ring,
          nicolae_vaults_spaceships, nicolae_vaults_specimen_jars,
          nicolae_vaults_asterisk, v_misc_18, v_misc_4, layout_vaults_omnigrid,
          enter_trove_2
Vaults:2: ebering_ghost_gozag, nicolae_vaults_wine_cellar,
          nicolae_vaults_closet_pinwheel_1, nicolae_vaults_door_testing_chamber,
          vaults_dpeg_spiral, ontoclasm_vaults_loading_screen,
          nicolae_vaults_little_squares_5, ontoclasm_vaults_pinch,
          ontoclasm_vaults_loading_screen, nicolae_vaults_theta,
          vaults_room_corners, layout_vaults_omnicross, serial_shops, shop
Vaults:3: vaults_standard_mumra_enter_the_diamond,
          minmay_crypt_entry_simple_round, special_room_vaults
          [special_room_orc], nicolae_vaults_more_shelving_2,
          vaults_dpeg_diagonal, v_misc_18, v_rooms_5, v_misc_12,
          layout_vaults_chaotic_city, uniq_margery

Skill      XL: |  1  2  3  4  5  6  7  8  9 10 11 12 13 14 15 16 17 18 19 20 |
---------------+-------------------------------------------------------------+-----
Long Blades    | 4 5 8 12 15 18 20 | 20.0
Fighting       | 3 4 5 7 9 10 11 13 15 16 | 16.0
Armour         | 1 2 3 4 5 6 8 9 10 | 10.0
Dodging        | 5 6 7 8 10 11 14 15 16 18 | 18.0
Shields        | 3 5 7 9 12 15 | 15.0
Polearms       | 12 | 12.0
Stealth        | 1 |  1.0
Invocations    | 5 10 14 16 | 16.2
Throwing       | |  2.0

Action                     |  1- 3 |  4- 6 |  7- 9 | 10-12 | 13-15 | 16-18 | 19-21 || total
---------------------------+-------+-------+-------+-------+-------+-------+-------++-------
  Melee: Long sword        |   110 |    16 |       |       |       |       |       ||   126
         Spear             |       |    93 |   266 |   505 |  1188 |  2032 |   635 ||  4719
         Punch             |       |       |     2 |       |       |       |       ||     2
         Tailslap          |       |       |       |     1 |    18 |    29 |       ||    48
         Triple sword      |       |       |       |       |       |       |   230 ||   230
  Throw: Throwing net      |       |       |     1 |       |       |       |       ||     1
 Invoke: Upheaval          |       |       |       |       |       |     2 |       ||     2
         Disaster Area     |       |       |       |       |       |     5 |       ||     5
         Elemental Force   |       |       |       |       |       |     2 |       ||     2
  Evoke: Wand              |       |       |     1 |     5 |       |    10 |       ||    16
         Lightning rod     |       |       |       |       |       |     2 |       ||     2
         Sack of spiders   |       |       |       |       |       |       |     1 ||     1
         Phantom mirror    |       |       |       |       |       |       |     1 ||     1
    Use: Potion            |     1 |       |     4 |     3 |     5 |    15 |     3 ||    31
         Scroll            |       |     4 |    12 |    14 |     4 |    14 |     1 ||    49
   Stab: Sleeping          |       |     2 |       |       |       |       |       ||     2
         Distracted        |       |       |     5 |    10 |    29 |    48 |    22 ||   114
         Invisible         |       |       |     1 |     5 |       |       |       ||     6
         Petrified         |       |       |       |     4 |       |       |       ||     4
         Petrifying        |       |       |       |       |     1 |       |       ||     1
 Armour: Leather armour    |    88 |    26 |       |       |       |       |       ||   114
         Scale mail        |       |     7 |    85 |    19 |       |       |       ||   111
         Acid dragon scale |       |       |       |   107 |    65 |       |       ||   172
         Fire dragon scale |       |       |       |       |    46 |       |       ||    46
         Chain mail        |       |       |       |       |    71 |   345 |   283 ||   699
         Ring mail         |       |       |       |       |       |   166 |       ||   166
  Dodge: Dodged            |   143 |    43 |   138 |   191 |   300 |   659 |   315 ||  1789
         Repelled          |       |       |       |       |     6 |     9 |     5 ||    20
  Block: Buckler           |       |       |    18 |   154 |   374 |  1052 |   230 ||  1828
         Other             |       |       |       |       |       |     3 |    69 ||    72
